 Dungeon Crawl Stone Soup version 0.23.1 (webtiles) character file.

Game seed: 12040264842292861548

53169 Hasart the Eclecticist (level 14, -15/78 HPs)
             Began as a Deep Elf Earth Elementalist on Mar 2, 2019.
             Was a High Priest of Vehumet.
             Demolished by a tyrant leech (28 damage)
             ... on level 6 of the Lair of Beasts.
             The game lasted 01:05:22 (21190 turns).

Hasart the Eclecticist (DEEE)                      Turns: 21190, Time: 01:05:22

Health: -15/78     AC: 14    Str:  5    XL:     14   Next: 29%
Magic:  3/44       EV: 12    Int: 26    God:    Vehumet [*****.]
Gold:   662        SH:  5    Dex: 15    Spells: 23/43 levels left

rFire    . . .     SeeInvis .   g - +3 hand axe (elec)
rCold    + . .     Gourm    .   O - +0 buckler
rNeg     . . .     Faith    .   v - +1 ring mail of Nihilism {rPois rC+}
rPois    +         Spirit   .   C - +1 helmet
rElec    .         Reflect  .   E - +1 cloak {+Inv}
rCorr    .         Harm     .   p - +0 pair of gloves
MR       +....                  Q - +0 pair of boots
Stlth    +.........             (no amulet)
HPRegen  0.23/turn              F - ring of magical power
MPRegen  0.29/turn              s - ring of wizardry

@: about to teleport, very slow
A: no striking features
a: Renounce Religion, Evoke Invisibility


You were on level 6 of the Lair of Beasts.
You worshipped Vehumet.
Vehumet was extremely pleased with you.
You were not hungry.

You visited 3 branches of the dungeon, and saw 20 of its levels.
You also visited: Bailey and Ice Cave.

You collected 1292 gold pieces.
You spent 630 gold pieces at shops.

Inventory:

Hand Weapons
 g - a +3 hand axe of electrocution (weapon)
Missiles
 n - 206 stones (quivered)
Armour
 p - a +0 pair of gloves (worn)
 v - the +1 ring mail of Nihilism (worn) {rPois rC+}
   (You found it on level 4 of the Dungeon)

   It protects you from cold.
   It protects you from poison.
 C - a +1 helmet (worn)
 E - a +1 cloak of invisibility (worn)
 M - a +2 robe of fire resistance
 N - a +1 robe of the Archmagi
 O - a +0 buckler (worn)
 Q - a +0 pair of boots (worn)
Jewellery
 s - a ring of wizardry (right hand)
 u - an uncursed ring of flight
 x - an uncursed ring of positive energy
 F - a ring of magical power (left hand)
 U - an uncursed ring of protection from magic
Wands
 G - a wand of acid (13)
 I - a wand of digging (12)
 J - a wand of iceblast (21)
 L - a wand of scattershot (5)
 T - a wand of disintegration (48)
 W - a wand of paralysis (10)
Scrolls
 b - 2 scrolls of vulnerability {unknown}
 c - a scroll of random uselessness {unknown}
 f - 3 scrolls of remove curse
 h - 3 scrolls of amnesia {unknown}
 i - 2 scrolls of fog {unknown}
 j - 15 scrolls of identify
 k - a scroll of teleportation
 m - 2 scrolls of enchant armour {unknown}
 r - 4 scrolls of enchant weapon {unknown}
 y - 5 scrolls of immolation {unknown}
 H - a scroll of acquirement {unknown}
 P - a scroll of summoning {unknown}
 R - 2 scrolls of fear {unknown}
 S - a scroll of torment {unknown}
 V - a scroll of magic mapping {unknown}
Potions
 a - 5 potions of brilliance {unknown}
 e - 12 potions of curing {unknown}
 l - a potion of magic {unknown}
 o - 3 potions of might {unknown}
 q - 6 potions of heal wounds {unknown}
 t - 4 potions of ambrosia {unknown}
 w - 4 potions of degeneration {unknown}
 z - 2 potions of mutation {unknown}
 A - 4 potions of haste {unknown}
 B - 3 potions of invisibility {unknown}
 D - a potion of lignification {unknown}
 K - 2 potions of resistance {unknown}
Comestibles
 d - 45 rations


   Skills:
 - Level 5.0 Fighting
 - Level 5.0 Armour
 - Level 8.0 Dodging
 - Level 2.4 Stealth
 - Level 5.0 Shields
 * Level 15.0 Spellcasting
 + Level 12.9 Conjurations
   Level 1.1 Transmutations
 - Level 5.0 Fire Magic
 + Level 14.0 Earth Magic
 - Level 5.0 Evocations


You had 23 spell levels left.
You knew the following spells:

 Your Spells              Type           Power        Failure   Level  Hunger
a - Stone Arrow           Conj/Erth      ######       1%          3    None
b - Sandblast             Erth           ######       1%          1    None
c - Lee's Rapid Deconstr  Erth           #######...   1%          5    #......
d - Bolt of Magma         Conj/Fire/Erth ######....   1%          5    #......
s - Iron Shot             Conj/Erth      ######....   1%          6    ####...

Your spell library contained the following spells:

 Spells                   Type           Power        Failure   Level  Hunger
 Bolt of Cold             Conj/Ice       ######....   13%         6    ####...
 Freeze                   Ice            ###.         1%          1    None
 Passwall                 Tmut/Erth      ######..     1%          2    None
 Throw Frost              Conj/Ice       ######       1%          2    None
 Dazzling Spray           Conj/Hex       ######       1%          3    None
 Petrify                  Tmut/Erth      ######..     1%          4    None
 Throw Icicle             Conj/Ice       ######..     1%          4    None
 Iskenderun's Battlesphe  Conj/Chrm      ######..     2%          5    #......
 Venom Bolt               Conj/Pois      ######....   2%          5    #......
 Animate Skeleton         Necr           N/A          4%          1    None
 Apportation              Tloc           ###...       4%          1    None
 Confusing Touch          Hex            ###...       4%          1    None
 Corona                   Hex            ###....      4%          1    None
 Summon Small Mammal      Summ           ###.         4%          1    None
 Orb of Destruction       Conj           ######....   5%          7    ######.
 Ensorcelled Hibernation  Hex/Ice        ###...       7%          2    None
 Confuse                  Hex            ###.....     13%         3    None
 Ozocubu's Armour         Chrm/Ice       ###.....     13%         3    None
 Tukima's Dance           Hex            ###.....     13%         3    None
 Summon Ice Beast         Ice/Summ       ###.....     38%         4    None
 Spellforged Servitor     Conj/Summ      ######....   50%         7    ######.


Dungeon Overview and Level Annotations

Branches:
Dungeon (13/15)            Temple (1/1) D:7            Lair (5/6) D:8
  Swamp (0/4) Lair:2       Spider (0/4) Lair:3          Orc (0/2) D:9
  Slime: Lair:5-6    Vaults: D:13-14

Altars:
Ashenzari
Cheibriados
Dithmenos
Elyvilon
Gozag
Hepliaklqana
Makhleb
Nemelex Xobeh
Ru
Sif Muna
Trog
Uskayaw
Vehumet
Beogh

Shops:
D:12 :

Annotations:
Lair:5 3 runed translucent doors, Jaiteiro's ghost, journeyman GnFi; Karim's ghost, journeyman TrWr


Message History

You fall into the shallow water.
Moving in this stuff is going to be slow.
A blink frog comes into view.
The blink frog gives a loud, deep croak!
You hear a croak.
A tyrant leech comes into view.
As you read the scroll of teleportation, it crumbles to dust.
You feel strangely unstable. The blink frog hits you.
The blink frog hits you but does no damage.
The tyrant leech barely misses you. You block the blink frog's attack.
The blink frog hits you but does no damage.
Unknown command.
The blink frog hits you!
* * * LOW HITPOINT WARNING * * *
The blink frog blinks!
Found a ring mail and a lumpy emerald potion.
Unknown command.
The blink frog blinks!
You block the blink frog's attack. The tyrant leech bites you!!
You die...

PP?(=PP≈## P![PP.≈≈# ≈#.
PPPPP.≈≈#≈≈ .#
#≈PP.≈P≈#≈≈ #.
#.≈.≈≈≈P≈≈≈ #P
#≈≈≈≈≈≈≈≈≈≈ ##P
#≈≈≈F≈≈≈≈≈P≈≈≈# #..
##≈@≈≈≈≈≈≈≈≈≈≈.# #P
##≈wF≈≈≈≈≈≈≈≈≈P.# ##.
#≈≈≈F≈≈≈≈≈≈≈≈≈..# #..
#≈≈≈≈≈≈≈≈§≈≈≈P.# ##.
#≈≈P≈≈≈≈≈P≈≈P..# ####
#≈≈P≈≈≈≈≈≈≈≈≈...###F##
####......≈≈≈≈..≈...†.†..
...####..≈....≈..........
.......................F.


You could see a tyrant leech, a spiny frog and 2 blink frogs.

Vanquished Creatures
  Snorg (D:13)
  8 hydras
  3 two-headed ogres
  2 centaur warriors
  An ogre mage (D:13)
  Erica (D:9)
  5 death yaks (Lair:3)
  Sonja (Lair:3)
  An unseen horror (D:12)
  3 ugly things
  An orc knight (Bailey)
  2 cyclopes (D:11)
  2 manticores
  3 oklob plants (Lair:4)
  A black mamba (Lair:4)
  Psyche (D:9)
  6 elephants
  12 spiny frogs
  5 komodo dragons
  2 rime drakes (Lair:4)
  An efreet (D:13)
  2 ice devils (Lair:4)
  A queen bee (Lair:3)
  A troll (D:11)
  Prince Ribbit (Lair:3)
  2 tyrant leeches (Lair:2)
  A slime creature (Lair:2)
  10 blink frogs
  2 hornets
  15 dream sheep
  4 hippogriffs
  Sigmund (D:2)
  9 wyverns
  Eustachio (D:6)
  19 yaks
  A wraith (D:13)
  3 basilisks
  4 vampire mosquitoes (Lair:6)
  2 swamp worms (Lair:2)
  2 acid dragons (D:8)
  A floating eye (shapeshifter) (D:13)
  A water moccasin (D:11)
  3 porcupines
  3 sky beasts
  7 ice beasts
  A phantom (D:4)
  18 orc warriors
  8 ogres
  12 wolves
  17 centaurs
  12 crocodiles
  3 big kobolds
  11 bullfrogs
  2 gnoll sergeants
  7 scorpions
  2 wyvern skeletons
  27 killer bees
  5 wights (D:10)
  An electric eel (Lair:3)
  5 howler monkeys
  2 bullfrog zombies
  7 crimson imps
  2 centaur zombies
  6 hounds
  9 orc priests
  Crazy Yiuf (D:6)
  A gnoll shaman (D:5)
  A centaur skeleton (D:7)
  2 bullfrog skeletons (D:5)
  10 orc wizards
  8 jellies
  Terence (D:3)
  Jessica (D:2)
  4 iguanas
  4 worker ants
  2 hound skeletons
  2 worker ant zombies (D:5)
  A howler monkey skeleton (D:5)
  9 adders
  18 gnolls
  2 shadow imps
  14 oozes
  An adder zombie (D:10)
  2 adder skeletons
  3 worms
  2 dart slugs
  5 leopard geckos
  65 orcs
  3 giant cockroaches
  5 goblins
  11 hobgoblins
  11 jackals
  5 quokkas
  A ball python (D:3)
  6 bats
  6 frilled lizards
  2 jackal skeletons (D:7)
  26 kobolds
  A leopard gecko zombie (D:5)
  6 rats
  A plant (Lair:4)
558 creatures vanquished.

Vanquished Creatures (others)
  7 fungi
  8 plants
15 creatures vanquished.

Grand Total: 573 creatures vanquished

Notes
Turn   | Place    | Note
-------+----------+-------------------------------------------
     0 | D:1      | Hasart the Deep Elf Earth Elementalist began the quest for
                  | the Orb.
     0 | D:1      | Reached XP level 1. HP: 10/10 MP: 6/6
   148 | D:1      | Reached XP level 2. HP: 15/15 MP: 0/8
   909 | D:2      | Noticed Jessica
   915 | D:2      | Killed Jessica
   915 | D:2      | Reached XP level 3. HP: 19/19 MP: 5/10
  1028 | D:2      | Reached skill level 4 in Spellcasting
  1028 | D:2      | Reached XP level 4. HP: 18/24 MP: 4/12
  1299 | D:2      | Noticed Sigmund
  1308 | D:2      | Killed Sigmund
  1308 | D:2      | Reached skill level 5 in Earth Magic
  1308 | D:2      | Reached XP level 5. HP: 19/28 MP: 10/14
  2003 | D:3      | Reached XP level 6. HP: 32/32 MP: 13/15
  2044 | D:3      | Noticed Terence
  2050 | D:3      | Killed Terence
  2050 | D:3      | Reached skill level 5 in Spellcasting
  2871 | D:4      | Found a sparkling altar of Nemelex Xobeh.
  2951 | D:4      | Reached XP level 7. HP: 36/36 MP: 11/17
  3184 | D:4      | Reached skill level 5 in Dodging
  3403 | D:4      | Got a faintly humming ring mail
  3512 | D:5      | Entered Level 5 of the Dungeon
  3525 | D:5      | Reached skill level 6 in Spellcasting
  4001 | D:4      | Learned a level 3 spell: Stone Arrow
  4007 | D:4      | Learned a level 5 spell: Lee's Rapid Deconstruction
  4047 | D:5      | Reached skill level 1 in Conjurations
  4194 | D:5      | Reached XP level 8. HP: 41/41 MP: 18/20
  4774 | D:6      | Reached skill level 7 in Spellcasting
  5620 | D:6      | Identified the +1 ring mail of Nihilism {rPois rC+} (You
                  | found it on level 4 of the Dungeon)
  5671 | D:6      | Found a runed translucent door.
  5672 | D:6      | Noticed Crazy Yiuf
  5711 | D:6      | Noticed Eustachio
  5718 | D:6      | Killed Eustachio
  5718 | D:6      | Reached skill level 5 in Conjurations
  5913 | D:6      | Killed Crazy Yiuf
  5997 | D:7      | Reached skill level 8 in Spellcasting
  6068 | D:7      | Reached XP level 9. HP: 34/45 MP: 23/23
  6154 | D:7      | Found a staircase to the Ecumenical Temple.
  6163 | Temple   | Entered the Ecumenical Temple
  6217 | Temple   | Became a worshipper of Vehumet
  6778 | D:7      | Reached skill level 1 in Armour
  6795 | D:7      | Reached * piety under Vehumet
  6795 | D:7      | Offered knowledge of Shock by Vehumet.
  7633 | D:8      | Found a snail-covered altar of Cheibriados.
  7641 | D:8      | Found a bloodstained altar of Trog.
  7665 | D:8      | Found a flagged portal.
  7682 | Bailey   | Entered a bailey
  7732 | Bailey   | Noticed an orc knight
  7742 | Bailey   | Reached skill level 1 in Evocations
  7746 | Bailey   | Reached skill level 9 in Spellcasting
  8069 | Bailey   | Killed an orc knight
  8161 | Bailey   | Offered knowledge of Magic Dart by Vehumet.
  8242 | Bailey   | Reached ** piety under Vehumet
  8628 | D:8      | Found a hazy altar of Hepliaklqana.
  8639 | D:8      | Reached XP level 10. HP: 50/50 MP: 25/25
  9250 | D:8      | Found a staircase to the Lair.
  9674 | D:8      | Got a jewelled buckler
  9675 | D:8      | Identified the +0 buckler of Parts Unknown {rPois Int-5
                  | Dex+3} (You found it on level 8 of the Dungeon)
  9755 | D:8      | Noticed a two-headed ogre
  9761 | D:8      | Killed a two-headed ogre
  9978 | D:9      | Offered knowledge of Ignite Poison by Vehumet.
 10001 | D:9      | Reached *** piety under Vehumet
 10008 | D:9      | Reached skill level 10 in Earth Magic
 10039 | D:9      | Reached skill level 10 in Spellcasting
 10203 | D:9      | Offered knowledge of Iskenderun's Mystic Blast by Vehumet.
 10259 | D:9      | Found a roughly hewn altar of Beogh.
 10548 | D:9      | Noticed Erica
 10550 | D:9      | Killed Erica
 10799 | D:9      | Reached XP level 11. HP: 54/54 MP: 27/27
 10844 | D:9      | Found a staircase to the Orcish Mines.
 10906 | D:9      | Found an opulent altar of Gozag.
 10906 | D:9      | Noticed Psyche
 10907 | D:9      | Found a sparkling altar of Nemelex Xobeh.
 10909 | D:9      | Killed Psyche
 11001 | D:9      | Reached **** piety under Vehumet
 11261 | D:10     | Entered Level 10 of the Dungeon
 11294 | D:10     | Offered knowledge of Bolt of Magma by Vehumet.
 11767 | D:10     | Reached skill level 10 in Conjurations
 12032 | D:10     | Reached skill level 5 in Evocations
 12094 | D:10     | Found a radiant altar of Vehumet.
 12449 | D:11     | Learned a level 5 spell: Bolt of Magma
 12564 | D:11     | Reached skill level 1 in Fire Magic
 12748 | D:11     | Noticed a purple ugly thing
 12753 | D:11     | Killed a purple ugly thing
 12753 | D:11     | Reached skill level 1 in Shields
 12754 | D:11     | Reached ***** piety under Vehumet
 12863 | D:11     | Noticed a green ugly thing
 12884 | D:11     | Offered knowledge of Bolt of Draining by Vehumet.
 12889 | D:11     | Killed a green ugly thing
 12889 | D:11     | Reached skill level 11 in Spellcasting
 13612 | D:12     | Killed an unseen horror
 13647 | D:12     | Reached skill level 5 in Armour
 13724 | D:12     | Noticed a centaur warrior
 13728 | D:12     | Killed a centaur warrior
 13807 | D:12     | Reached XP level 12. HP: 59/59 MP: 29/29
 14052 | D:12     | Found Deihiop's Book Shoppe.
 14060 | D:12     | Bought a book of Power for 630 gold pieces
 14067 | D:12     | Learned a level 6 spell: Iron Shot
 14400 | D:13     | Reached skill level 5 in Fire Magic
 14658 | D:13     | Noticed a two-headed ogre
 14661 | D:13     | Killed a two-headed ogre
 14722 | D:13     | Noticed a two-headed ogre
 14725 | D:13     | Killed a two-headed ogre
 14769 | D:13     | Noticed Snorg
 14921 | D:13     | Killed Snorg
 15076 | D:13     | Reached skill level 12 in Spellcasting
 15088 | D:13     | Noticed an ogre mage
 15091 | D:13     | Killed an ogre mage
 15173 | D:13     | Noticed a centaur warrior
 15176 | D:13     | Killed a centaur warrior
 15176 | D:13     | Reached skill level 1 in Fighting
 15387 | Lair:1   | Entered Level 1 of the Lair of Beasts
 16267 | Lair:2   | Found a staircase to the Swamp.
 16448 | Lair:2   | Offered knowledge of Bolt of Cold by Vehumet.
 16799 | Lair:3   | Noticed a death yak
 16799 | Lair:3   | Noticed a death yak
 16799 | Lair:3   | Noticed a death yak
 16799 | Lair:3   | Noticed a six-headed hydra
 16800 | Lair:3   | Noticed a death yak
 16801 | Lair:3   | Noticed a death yak
 16885 | Lair:3   | Noticed Prince Ribbit
 16894 | Lair:3   | Killed Prince Ribbit
 16986 | Lair:3   | Reached XP level 13. HP: 67/67 MP: 31/31
 17820 | Lair:3   | Found a hole to the Spider Nest.
 18008 | Lair:3   | Noticed Sonja
 18009 | Lair:3   | Killed Sonja
 18009 | Lair:3   | Reached skill level 5 in Shields
 18009 | Lair:3   | Reached skill level 13 in Spellcasting
 18574 | Lair:4   | Found a frozen archway.
 18660 | IceCv    | Entered an ice cave
 19513 | Lair:4   | Reached skill level 14 in Spellcasting
 20243 | Lair:5   | Reached XP level 14. HP: 76/76 MP: 28/34
 20468 | Lair:5   | Found a runed translucent gate.
 20468 | Lair:5   | Found a runed translucent gate.
 20468 | Lair:5   | Found a runed translucent gate.
 20491 | Lair:5   | Noticed Jaiteiro's ghost (journeyman GnFi)
 20492 | Lair:5   | Noticed Karim's ghost (journeyman TrWr)
 21138 | Lair:5   | You fall through a shaft!
 21138 | Lair:6   | Entered Level 6 of the Lair of Beasts
 21149 | Lair:6   | Reached skill level 5 in Fighting
 21155 | Lair:6   | Reached skill level 15 in Spellcasting
 21190 | Lair:6   | Demolished by a tyrant leech

Skill      XL: |  1  2  3  4  5  6  7  8  9 10 11 12 13 14 |
---------------+-------------------------------------------+-----
Earth Magic    | 4 5 6 7 8 9 10 12 13 14 | 14.0
Dodging        | 3 4 5 6 7 8 |  8.0
Spellcasting   | 4 5 6 8 9 10 11 12 14 15 | 15.0
Conjurations   | 1 5 7 9 10 11 12 | 12.9
Armour         | 2 3 5 |  5.0
Evocations     | 2 4 5 |  5.0
Fire Magic     | 4 5 |  5.0
Shields        | 2 4 5 |  5.0
Fighting       | 2 4 5 |  5.0
Stealth        | |  2.4
Transmutations | |  1.1

Action                   |  1- 3 |  4- 6 |  7- 9 | 10-12 | 13-15 || total
-------------------------+-------+-------+-------+-------+-------++-------
Melee: Dagger            |    22 |     6 |       |       |       ||    28
       Rapier            |       |    16 |       |       |       ||    16
       Hand axe          |       |       |    78 |    79 |     7 ||   164
       Short sword       |       |       |     1 |       |       ||     1
 Cast: Sandblast         |    33 |    49 |    94 |    11 |       ||   187
       Lee's Rapid Decon |       |       |    34 |    80 |    40 ||   154
       Stone Arrow       |       |       |    52 |   203 |    74 ||   329
       Iron Shot         |       |       |       |    31 |    82 ||   113
       Bolt of Magma     |       |       |       |     5 |     1 ||     6
 Abil: Evoke Flight      |       |       |     3 |       |       ||     3
  Use: Scroll            |       |       |     5 |     2 |     4 ||    11
 Stab: Sleeping          |     1 |     1 |       |     1 |       ||     3
  Eat: Chunk             |       |     6 |    19 |    44 |    24 ||    93
       Ration            |       |       |     2 |       |     2 ||     4
Armor: Robe              |     8 |     3 |    14 |       |       ||    25
       Ring mail         |       |       |    31 |    76 |    35 ||   142
Dodge: Dodged            |    19 |    26 |   103 |    98 |    55 ||   301
Block: Buckler           |       |       |       |    11 |    16 ||    27
